 Dungeon Crawl Stone Soup version 0.31-a0-1308-ga3cce3a448 (webtiles) character file.

Game seed: 13945124424373125329

91 Dirtsage the Changeling (level 4, -2/29 HPs)
             Began as an Octopode Shapeshifter on Dec 19, 2023.
             Slain by a hound (6 damage)
             ... on level 4 of the Dungeon.
             The game lasted 00:03:54 (2182 turns).

Dirtsage the Changeling (Octopode Shapeshifter)     Turns: 2182, Time: 00:03:55

Health: -2/29      AC:  1    Str: 13    XL:     4   Next: 59%
Magic:  4/4        EV: 13    Int: 12    God:
Gold:   169        SH:  0    Dex: 13    Spells: 3/3 levels left

rFire   . .          .
                       - Unarmed
rCold   . . .        (no shield)
rNeg    . . .        (helmet currently unavailable)
rPois   .            (no amulet)
rElec   .            (no ring)
rCorr   .            (no ring)
SInv    .            (no ring)
Will    .....        (no ring)
Stlth   ++           (no ring)
HPRegen 0.24/turn    (no ring)
MPRegen 0.09/turn    (no ring)
                     (no ring)

%: no passive effects
@: beast-form
A: beast (slay +2), almost no armour, amphibious, 8 rings, camouflage 1,
gelatinous body 1, (nimble swimmer 1), tentacles
a: Begin Untransformation


You were on level 4 of the Dungeon.
You were a hulking beast.
You visited 1 branch of the dungeon, and saw 4 of its levels.

You collected 169 gold pieces.

Inventory:

Talismans
 b - a beast talisman
 c - a flux talisman
 f - a beast talisman
Scrolls
 i - a scroll of silence {unknown}
Potions
 a - a potion of lignification
 d - 2 potions of brilliance {unknown}
 e - a potion of attraction {unknown}
 g - a potion of mutation {unknown}
 h - a potion of resistance {unknown}
 j - a potion of degeneration {unknown}


   Skills:
 + Level 2.0 Fighting
 + Level 2.6 Dodging
 + Level 3.5 Unarmed Combat
 * Level 3.9 Shapeshifting


You had 3 spell levels left.
You didn't know any spells.
Your spell library contained the following spells:

 Spells                   Type           Power      Damage    Failure   Level
 Lesser Beckoning         Tloc           0%         N/A       45%         2
 Gell's Gravitas          Tloc           0%         N/A       69%         3
 Teleport Other           Tloc           0%         N/A       69%         3


Dungeon Overview and Level Annotations

Branches:
Dungeon (4/15)             Temple (0/1) D:4

Altars:


Innate Abilities, Weirdness & Mutations

You are a hulking beast.
Your limbs bulge with bestial killing power. (Slay +2)
You cannot wear most types of armour.
You are amphibious.
You can wear up to eight rings at the same time.
Your skin changes colour to match your surroundings (Stealth+).
Your rubbery body absorbs attacks. (AC +1, EV +1)
((You are camouflaged when in or above water. (Stealth+)))
You have tentacles for arms and can constrict up to eight enemies at once.


Message History

You take 4 damage, and have 18/29 hp.
You are too injured to fight recklessly!
You tentacle-slap the orc wizard but do no damage.
Your grab misses the orc wizard. Your squeeze misses the orc wizard.
The orc wizard gestures at you while chanting.
The puff of flame hits you!
The orc shouts!
You take 7 damage, and have 11/29 hp.
MASSIVE DAMAGE!!
You tentacle-slap the orc wizard but do no damage.
You grab the orc wizard. You constrict the orc wizard.
You hear a shout!
The orc wizard struggles to escape constriction.
The hound closely misses you.
A hound comes into view.
You hear a shout!
The hound barks!
You bludgeon the orc wizard!
You squeeze the orc wizard, but do no damage.
The orc wizard is severely wounded.
You constrict the orc wizard, but do no damage.
The hound bites you. The orc wizard misses you. The hound bites you.
You take 1 damage, and have 10/29 hp.
You release your grip on the orc wizard.
The hound attacks as it pursues you! The hound barely misses you.
The hound bites you.
You take 1 damage, and have 9/29 hp.
The orc misses you. The hound attacks as it pursues you! The hound bites you.
* * * LOW HITPOINT WARNING * * *
The orc wizard attacks as it pursues you!
The orc wizard hits you with a +1 dagger of electrocution.
* * * LOW HITPOINT WARNING * * *
You take 4 damage, and have 5/29 hp.
The hound attacks as it pursues you! The hound closely misses you.
The hound bites you.
* * * LOW HITPOINT WARNING * * *
You take 2 damage, and have 4/29 hp.
The hound attacks as it pursues you! The hound barely misses you.
You tentacle-slap the hound. You grab the hound. You squeeze the hound.
The hound is heavily wounded.
You constrict the hound. The hound bites you.
You die...

#..... ########..... #
#......#..... ####.
#......#..... .....
#......#..... ......
#......#....) ..#..)######
#......#.....
....[.....o#######......#.####
#..?...oohh..........'..>..
#......h#######.....)#.#.##
##......### #......#.#.#
...#.....?..# #......#.#.#
>..##.......# ########.#.#
.......#.....# #.#.#
...###.......# #.#.# .#
........# #.#.# ..........#
#.#.#


You could see 2 hounds, an orc wizard and 2 orcs.

Vanquished Creatures
  An adder (D:3)
  A dart slug (D:2)
  2 orcs
  12 ball pythons
  7 bats
  6 endoplasms
  5 giant cockroaches
  7 goblins
  4 hobgoblins
  5 jackals
  6 quokkas
  2 frilled lizards (D:1)
  4 kobolds
  9 rats
71 creatures vanquished.

Notes
Turn   | Place    | Note
-------+----------+-------------------------------------------
     0 | D:1      | Dirtsage the Octopode Shapeshifter began the quest for the
                  | Orb.
     0 | D:1      | Reached XP level 1. HP: 13/13 MP: 1/1
   165 | D:1      | Reached XP level 2. HP: 11/18 MP: 2/2
   642 | D:1      | Reached XP level 3. HP: 23/23 MP: 3/3
  1616 | D:2      | Reached XP level 4. HP: 25/29 MP: 4/4
  2171 | D:4      | Found a staircase to the Ecumenical Temple.
  2182 | D:4      | Slain by a hound

Illustrated notes

Levels and vault maps discovered:
D:1:      lemuel_arrival_river_ford, layout_loops_cross,
          serial_co_window_serial, co_window_corner_a, co_window_paths_a,
          co_window_paths_a, co_window_paths_a, co_window_paths_b,
          co_window_corner_cb, co_window_unsneaky_path_b,
          co_window_of_opportunity_c, co_window_broadway_c, co_window_2corner,
          co_window_2corner, co_window_paths_e, glass_columns_a,
          glass_columns_b, glass_columns_a, glass_columns_a,
          minmay_shallow_snake_nest
D:2:      layout_loops_ring, minivault_23
D:3:      layout_basic, uniq_grinder
D:4:      layout_basic, minmay_temple_entry_slanted, uniq_sigmund

Skill      XL: |  1  2  3  4 |
---------------+-------------+-----
Fighting       | 2 |  2.0
Dodging        | |  2.6
Unarmed Combat | |  3.5
Shapeshifting  | |  3.9

Action                     |  1- 3 |  4- 6 || total
---------------------------+-------+-------++-------
  Melee: Unarmed           |    88 |    36 ||   124
         Constrict         |    23 |    14 ||    37
         Tentacles         |    14 |     9 ||    23
         Punch             |     2 |     1 ||     3
   Stab: Sleeping          |    11 |     4 ||    15
 Armour: Skin              |    20 |    19 ||    39
  Dodge: Dodged            |    46 |    25 ||    71

Table legend: (Time is in decaauts)
 A = Elapsed time spent in this place.
 B = Non-inter-level travel time spent in this place.
 C = Inter-level travel time spent in this place.
 D = Time resting spent in this place.
 E = Time spent auto-exploring this place.
 F = Levels seen in this place.
 G = Mean time per level.
                   A        B        C        D        E       F      G
               +--------+--------+--------+--------+--------+-----+--------+
         Total |   2173 |   2078 |     95 |     64 |   1609 |   4 |  543.2 |
       Dungeon |   2173 |   2078 |     95 |     64 |   1609 |   4 |  543.2 |
               +--------+--------+--------+--------+--------+-----+--------+

Top non-repeatable levels by time:
     D:1: 1200 daAuts
     D:2: 613 daAuts
     D:3: 192 daAuts
     D:4: 167 daAuts
